 Dungeon Crawl Stone Soup version 0.30.1-4-g462c640d31 (webtiles) character file.

Game seed: 661684585480812405

133 Almogavar the Frost Mage (level 5, -13/40 HPs)
             Began as a Gnoll Wanderer on Sept 17, 2023.
             Was an Initiate of Okawaru.
             Mangled by Menkaure (16 damage)
             ... on level 4 of the Dungeon.
             The game lasted 00:09:21 (2781 turns).

Almogavar the Frost Mage (Gnoll Wanderer)           Turns: 2781, Time: 00:09:21

Health: -13/40     AC:  9    Str: 10    XL:     5   Next: 16%
Magic:  7/9        EV: 11    Int: 15    God:    Okawaru [......]
Gold:   230        SH:  4    Dex: 11    Spells: 6/10 levels left

rFire   . . .        s - +1 short sword (flame)
rCold   . . .        d - +0 buckler
rNeg    . . .        c - +0 robe
rPois   .            (no helmet)
rElec   .            q - scarf {shadows}
rCorr   .            (no gloves)
SInv    .            (no boots)
Will    .....        (no amulet)
Stlth   ++           (no ring)
HPRegen 0.26/turn    (no ring)
MPRegen 0.11/turn

%: no passive effects
@: ice-armoured
A: fangs 1, strong nose, distributed training
a: Renounce Religion


You were on level 4 of the Dungeon.
You worshipped Okawaru.
Okawaru was noncommittal.
You visited 1 branch of the dungeon, and saw 4 of its levels.

You collected 230 gold pieces.

Inventory:

Hand Weapons
 e - a +0 hand axe of electrocution
 s - a +1 short sword of flaming (weapon)
 t - a +2 heavy falchion
Armour
 c - a +0 robe (worn)
 d - a +0 buckler (worn)
 o - a +0 leather armour
 q - a scarf of shadows (worn)
Magical Staves
 m - a staff of earth
Scrolls
 h - 3 scrolls of blinking
 i - a scroll of vulnerability {unknown}
 j - 3 scrolls of fear
 l - a scroll of identify {unknown}
 n - a scroll of poison {unknown}
Potions
 a - 2 potions of attraction {unknown}
 b - 3 potions of berserk rage
 f - 3 potions of lignification {unknown}
 g - a potion of flight {unknown}
 k - 2 potions of curing {unknown}
 p - a potion of magic {unknown}
 r - a potion of heal wounds {unknown}
 u - 2 potions of haste {unknown}


   Skills:
 + Level 2.9 Fighting
 + Level 1.4 Short Blades
 + Level 1.4 Long Blades
 + Level 1.4 Axes
 + Level 1.4 Maces & Flails
 + Level 1.4 Polearms
 + Level 1.4 Staves
 + Level 1.4 Ranged Weapons
 + Level 1.4 Throwing
 + Level 1.4 Armour
 + Level 1.4 Dodging
 + Level 2.7 Stealth
 + Level 2.9 Shields
 + Level 1.4 Unarmed Combat
 + Level 3.1 Spellcasting
 + Level 2.3 Conjurations
 + Level 1.1 Hexes
 + Level 1.1 Summonings
 + Level 1.1 Necromancy
 + Level 1.1 Translocations
 + Level 1.1 Transmutations
 + Level 1.1 Fire Magic
 + Level 8.8 Ice Magic
 + Level 1.1 Air Magic
 + Level 1.1 Earth Magic
 + Level 1.1 Poison Magic
 + Level 1.6 Invocations
 + Level 1.4 Evocations


You had 6 spell levels left.
You knew the following spells:

 Your Spells              Type           Power      Damage    Failure   Level
a - Freeze                Ice            100%       1d10      1%          1
b - Ozocubu's Armour      Ice            28%        N/A       2%          3

Your spell library contained the following spells:

 Spells                   Type           Power      Damage    Failure   Level
 Hailstorm                Conj/Ice       19%        3d6       9%          3
 Magic Dart               Conj           36%        1d4       11%         1
 Apportation              Tloc           10%        N/A       19%         1
 Necrotise                Necr           20%        1d5       19%         1
 Dazzling Flash           Conj/Hex       14%        N/A       38%         3
 Summon Small Mammal      Summ           Unusable   N/A       N/A         1

Dungeon Overview and Level Annotations

Branches:
Dungeon (4/15)
 Temple: D:4-7

Altars:
Ashenzari
Okawaru

Annotations:
D:4 Menkaure


Innate Abilities, Weirdness & Mutations

You have very sharp teeth.
Your uncanny sense of smell can sniff out nearby items.
Your experience applies equally to all skills.


Message History

There is a stone staircase leading down here.
h - 2 scrolls of blinking (gained 1) Done exploring.
Done exploring.
As you read the scroll labelled DIUTAEGRIB, it crumbles to dust.
You assume a fearsome visage.
Nothing appears to happen.
It was a scroll of fear.
(D) Dungeon
Where to? (Enter - D:3, ? - help)
What level of the Dungeon? (default 1, ? - help)
There is a stone staircase leading down here.
You climb downwards.
Found a glowing falchion.
There is a stone staircase leading up here.
Found a mace.
Found a scroll of blinking and 17 gold pieces.
You see here a +2 heavy falchion.
t - a +2 heavy falchion
Okay, then.
h - 3 scrolls of blinking (gained 1)
u - 2 green potions Menkaure, Prince of Dust comes into view.
Casting: Freeze (safe; 1% risk of failure)
Confirm with . or Enter, or press ? or * to list all spells.
A film of ice covers your body!
Menkaure calls on the powers of darkness!
Your body is wracked with pain!
You barely miss Menkaure. Menkaure barely misses you.
You closely miss Menkaure. Menkaure breathes soot at you. Menkaure hits you!!
Ouch! That really hurt!
* * * LOW HITPOINT WARNING * * *
You hit Menkaure but do no damage.
Unknown command.
You hit Menkaure. You burn Menkaure.
Menkaure is moderately damaged.
Menkaure whispers drily.
Menkaure hits you!
You die...

#########........
#.#.)...#........
##.......#......##!
........#.....##..
## #..............
##.##............##
#..<.....###......#
##.#......##...##..
#.##.##..##..@# .
....###...#..M.!...#
#.... ............##
###.. ...........#
##. ..$..........
.............
....#........


You could see Menkaure.

Vanquished Creatures
  An iguana (D:2)
  An adder (D:2)
  2 worms
  5 dart slugs
  An orc (D:3)
  5 endoplasms
  A giant cockroach (D:3)
  6 goblins
  8 hobgoblins
  14 jackals
  2 quokkas
  4 ball pythons
  11 bats
  2 frilled lizards
  6 kobolds
  6 rats
75 creatures vanquished.

Notes
Turn   | Place    | Note
-------+----------+-------------------------------------------
     0 | D:1      | Almogavar the Gnoll Wanderer began the quest for the Orb.
     0 | D:1      | Almogavar set off with the following items: a +0 dagger, a
                  | potion of berserk rage, a +0 robe, a +0 buckler; and the
                  | following spells available to memorise: Freeze, Ozocubu's
                  | Armour, Hailstorm, Magic Dart, Dazzling Flash.
     0 | D:1      | Reached XP level 1. HP: 17/17 MP: 4/4
     5 | D:1      | Learned a level 1 spell: Freeze
    61 | D:1      | Reached XP level 2. HP: 14/23 MP: 0/5
   249 | D:1      | Reached XP level 3. HP: 13/28 MP: 5/7
   517 | D:1      | Reached skill level 1 in Invocations
   954 | D:2      | Reached skill level 1 in Short Blades
   954 | D:2      | Reached skill level 1 in Long Blades
   954 | D:2      | Reached skill level 1 in Axes
   954 | D:2      | Reached skill level 1 in Maces & Flails
   954 | D:2      | Reached skill level 1 in Polearms
   954 | D:2      | Reached skill level 1 in Staves
   954 | D:2      | Reached skill level 1 in Ranged Weapons
   954 | D:2      | Reached skill level 1 in Throwing
   954 | D:2      | Reached skill level 1 in Armour
   954 | D:2      | Reached skill level 1 in Dodging
   954 | D:2      | Reached skill level 1 in Unarmed Combat
   954 | D:2      | Reached skill level 1 in Evocations
   954 | D:2      | Reached XP level 4. HP: 4/34 MP: 1/8
  1143 | D:2      | Learned a level 3 spell: Ozocubu's Armour
  1300 | D:2      | Reached skill level 1 in Hexes
  1300 | D:2      | Reached skill level 1 in Summonings
  1300 | D:2      | Reached skill level 1 in Necromancy
  1300 | D:2      | Reached skill level 1 in Translocations
  1300 | D:2      | Reached skill level 1 in Transmutations
  1300 | D:2      | Reached skill level 1 in Fire Magic
  1300 | D:2      | Reached skill level 1 in Air Magic
  1300 | D:2      | Reached skill level 1 in Earth Magic
  1300 | D:2      | Reached skill level 1 in Poison Magic
  2003 | D:3      | Found a broken altar of Ashenzari.
  2051 | D:3      | Reached XP level 5. HP: 27/40 MP: 4/9
  2347 | D:3      | Found an iron altar of Okawaru.
  2355 | D:3      | Became a worshipper of Warmaster Okawaru
  2770 | D:4      | Noticed Menkaure
  2781 | D:4      | Mangled by Menkaure

Illustrated notes

Levels and vault maps discovered:
D:1:      dpeg_arrival_round_a, layout_basic
D:2:      layout_rooms
D:3:      layout_basic, ashenzari_conservatory_becter, lemuel_round_altar
D:4:      minmay_chambers_of_twos, layout_cave_pools,
          nicolae_ru_sacrificial_ziggurat,
          mainiacjoe_overflow_concentric_impassable, kennysheep_donut,
          uniq_menkaure

Skill      XL: |  1  2  3  4 |
---------------+-------------+-----
Conjurations   | 2 |  2.3
Invocations    | 1 |  1.6
Short Blades   | 1 |  1.4
Long Blades    | 1 |  1.4
Axes           | 1 |  1.4
Maces & Flails | 1 |  1.4
Polearms       | 1 |  1.4
Staves         | 1 |  1.4
Ranged Weapons | 1 |  1.4
Throwing       | 1 |  1.4
Armour         | 1 |  1.4
Dodging        | 1 |  1.4
Unarmed Combat | 1 |  1.4
Spellcasting   | 3 |  3.1
Evocations     | 1 |  1.4
Hexes          | 1 |  1.1
Summonings     | 1 |  1.1
Necromancy     | 1 |  1.1
Translocations | 1 |  1.1
Transmutations | 1 |  1.1
Fire Magic     | 1 |  1.1
Air Magic      | 1 |  1.1
Earth Magic    | 1 |  1.1
Poison Magic   | 1 |  1.1
Fighting       | |  2.9
Stealth        | |  2.7
Shields        | |  2.9
Ice Magic      | |  8.8

Action                     |  1- 3 |  4- 6 || total
---------------------------+-------+-------++-------
  Melee: Hand axe          |    39 |    42 ||    81
         Bite              |     5 |     7 ||    12
         Short sword       |       |    23 ||    23
  Throw: Dart              |       |     3 ||     3
   Cast: Freeze            |    28 |    35 ||    63
         Ozocubu's Armour  |       |     1 ||     1
    Use: Scroll            |     1 |     1 ||     2
   Stab: Sleeping          |     5 |     7 ||    12
 Armour: Robe              |     9 |    18 ||    27
  Dodge: Dodged            |    24 |    53 ||    77
  Block: Buckler           |    10 |    16 ||    26
